| TOP OF THE 1ST |
|
Hamilton Cardinals batting - Pitching for New Jersey Devils : RHP Aaron Marcum
|
|
Pitching: RHP Aaron Marcum
|
|
|
Batting: RHB Kevin Kelly
|
0-0: Called Strike 0-1: Ball 1-1: Ball 2-1: Foul Ball, location: 2F 2-2: Foul Ball, location: 2F 2-2: Foul Ball, location: 2F 2-2: Fly out, F9 (Line Drive, 89S, EV 101.2 MPH)
|
|
Now in RF: Sergio Andrada
|
|
|
Batting: RHB Kevin McGaughey
|
0-0: Called Strike 0-1: Swinging Strike 0-2: Ball 1-2: Ball 2-2: Strikes out swinging
|
|
Batting: LHB Jonathan Barker
|
0-0: Foul Ball, location: 2F 0-1: Ground out 6-3 (Groundball, 6, EV 86.2 MPH)
|
| Top of the 1st over - 0 runs, 0 hits, 0 errors, 0 left on base; Hamilton 0 - New Jersey 0 |
| BOTTOM OF THE 1ST |
|
New Jersey Devils batting - Pitching for Hamilton Cardinals : RHP Joaquin Gonzales
|
|
Pitching: RHP Joaquin Gonzales
|
|
|
Batting: RHB Oscar Ramirez
|
0-0: Ball 1-0: Ball 2-0: Foul Ball, location: 2F 2-1: Ball 3-1: Ground out 4-3 (Groundball, 4, EV 103.1 MPH)
|
|
Batting: SHB Ernesto Mazas
|
0-0: Ball 1-0: SOLO HOME RUN (Flyball, 9D, EV 95.0 MPH), Distance : 354 ft
|
|
Batting: SHB Danny Tapia Jr.
|
0-0: Called Strike 0-1: Ball 1-1: SINGLE (Groundball, 4D, EV 101.9 MPH)
|
|
Batting: LHB Rodolfo Alvarez
|
0-0: Ball 1-0: Ball 2-0: Ball 3-0: Base on Balls Danny Tapia Jr. to second
|
|
Batting: RHB Sergio Andrada
|
0-0: Called Strike 0-1: Ball 1-1: Called Strike 1-2: Ball 2-2: Foul Ball, location: 2F 2-2: Fly out, F4 (Popup, 4D, EV 61.9 MPH)
|
|
Batting: RHB Duk-yoon Park
|
0-0: Called Strike 0-1: Foul Ball, location: 2F 0-2: Ball 1-2: Fly out, F8 (Flyball, 8RM, EV 88.1 MPH)
|
| Bottom of the 1st over - 1 run, 2 hits, 0 errors, 2 left on base; Hamilton 0 - New Jersey 1 |
| TOP OF THE 2ND |
|
Hamilton Cardinals batting - Pitching for New Jersey Devils : RHP Aaron Marcum
|
|
Batting: RHB Jason Hunt
|
0-0: Ground out 5-3 (Groundball, 5S, EV 62.5 MPH)
|
|
Batting: LHB Josh Levin
|
0-0: Ball 1-0: Swinging Strike 1-1: Foul Ball, location: 2F 1-2: Foul Ball, location: 2F 1-2: Strikes out swinging
|
|
Batting: RHB Matt Shaw
|
0-0: Swinging Strike 0-1: Swinging Strike 0-2: Strikes out swinging, 2-3 out at first.
|
| Top of the 2nd over - 0 runs, 0 hits, 0 errors, 0 left on base; Hamilton 0 - New Jersey 1 |
| BOTTOM OF THE 2ND |
|
New Jersey Devils batting - Pitching for Hamilton Cardinals : RHP Joaquin Gonzales
|
|
Batting: LHB Matt Reynolds
|
0-0: Ball 1-0: Ball 2-0: SINGLE (Line Drive, 7S, EV 95.6 MPH)
|
|
Batting: RHB Ted Hickey
|
0-0: Called Strike 0-1: Swinging Strike 0-2: Strikes out swinging
|
|
Batting: LHB Jason Miller
|
0-0: Swinging Strike 0-1: Swinging Strike 0-2: Foul Ball, location: 2F 0-2: Foul Ball, location: 2F 0-2: Strikes out looking
|
|
Batting: RHB Oscar Ramirez
|
0-0: Swinging Strike 0-1: Foul Ball, location: 2F 0-2: Strikes out swinging
|
| Bottom of the 2nd over - 0 runs, 1 hit, 0 errors, 1 left on base; Hamilton 0 - New Jersey 1 |
| TOP OF THE 3RD |
|
Hamilton Cardinals batting - Pitching for New Jersey Devils : RHP Aaron Marcum
|
|
Batting: SHB Jae-hong Kym
|
0-0: Foul Ball, location: 2F 0-1: Swinging Strike 0-2: Ball 1-2: SINGLE (Groundball, 6D, EV 105.6 MPH)
|
|
Batting: RHB Jeff Gale
|
0-0: Called Strike 0-1: Foul Ball, location: 2F 0-2: SINGLE (Flyball, 7LS, EV 96.2 MPH) Jae-hong Kym to second
|
|
Batting: LHB John Stewart
|
0-0: Called Strike 0-1: Ball 1-1: Ball 2-1: Foul Ball, location: 2F 2-2: Strikes out swinging
|
|
Batting: RHB Kevin Kelly
|
0-0: Ball 1-0: Fielders Choice at 2nd, 1-4 (Groundball, 15S, EV 65.6 MPH) Jae-hong Kym to third
|
|
Batting: RHB Kevin McGaughey
|
0-0: Ball 1-0: Called Strike 1-1: Swinging Strike 1-2: Ground out 4-3 (Groundball, 4, EV 86.9 MPH)
|
| Top of the 3rd over - 0 runs, 2 hits, 0 errors, 2 left on base; Hamilton 0 - New Jersey 1 |
| BOTTOM OF THE 3RD |
|
New Jersey Devils batting - Pitching for Hamilton Cardinals : RHP Joaquin Gonzales
|
|
Batting: SHB Ernesto Mazas
|
0-0: Called Strike 0-1: Foul Ball, location: 2F 0-2: Ball 1-2: Foul Ball, location: 2F 1-2: Ball 2-2: Ball 3-2: Foul Ball, location: 2F 3-2: Strikes out looking
|
|
Batting: SHB Danny Tapia Jr.
|
0-0: Swinging Strike 0-1: Ball 1-1: Swinging Strike 1-2: Ball 2-2: Ball 3-2: Strikes out swinging
|
|
Batting: LHB Rodolfo Alvarez
|
0-0: Foul Ball, location: 2F 0-1: Swinging Strike 0-2: Foul Ball, location: 2F 0-2: Strikes out swinging
|
| Bottom of the 3rd over - 0 runs, 0 hits, 0 errors, 0 left on base; Hamilton 0 - New Jersey 1 |
| TOP OF THE 4TH |
|
Hamilton Cardinals batting - Pitching for New Jersey Devils : RHP Aaron Marcum
|
|
Batting: LHB Jonathan Barker
|
0-0: Foul Ball, location: 2F 0-1: Swinging Strike 0-2: Strikes out swinging
|
|
Batting: RHB Jason Hunt
|
0-0: SINGLE (Line Drive, 7S, EV 96.2 MPH)
|
|
Batting: LHB Josh Levin
|
0-0: Ball 1-0: Called Strike 1-1: Hit by Pitch Jason Hunt to second
|
|
Batting: RHB Matt Shaw
|
0-0: Fielders Choice at 2nd, 4-6 (Groundball, 4M, EV 100.6 MPH) Jason Hunt to third
|
|
Batting: SHB Jae-hong Kym
|
0-0: Ball 1-0: Foul Ball, location: 2F 1-1: Foul Ball, location: 2F 1-2: Ball 2-2: Foul Ball, location: 2F 2-2: Foul Ball, location: 2F 2-2: Foul Ball, location: 2F 2-2: Strikes out swinging
|
| Top of the 4th over - 0 runs, 1 hit, 0 errors, 2 left on base; Hamilton 0 - New Jersey 1 |
| BOTTOM OF THE 4TH |
|
New Jersey Devils batting - Pitching for Hamilton Cardinals : RHP Joaquin Gonzales
|
|
Batting: RHB Sergio Andrada
|
0-0: Called Strike 0-1: Ground out 4-3 (Groundball, 4, EV 79.4 MPH)
|
|
Batting: RHB Duk-yoon Park
|
0-0: Foul Ball, location: 2F 0-1: Ball 1-1: Called Strike 1-2: Foul Ball, location: 2F 1-2: Strikes out swinging
|
|
Batting: LHB Matt Reynolds
|
0-0: Ball 1-0: Ball 2-0: Ball 3-0: Called Strike 3-1: Ground out 4-3 (Groundball, 4, EV 88.8 MPH)
|
| Bottom of the 4th over - 0 runs, 0 hits, 0 errors, 0 left on base; Hamilton 0 - New Jersey 1 |
| TOP OF THE 5TH |
|
Hamilton Cardinals batting - Pitching for New Jersey Devils : RHP Aaron Marcum
|
|
Batting: RHB Jeff Gale
|
0-0: SINGLE (Line Drive, 56D, EV 101.2 MPH)
|
|
Batting: LHB John Stewart
|
0-0: Called Strike 0-1: Grounds into double play, 6-4-3 (Groundball, 6, EV 100.0 MPH)
|
|
Batting: RHB Kevin Kelly
|
0-0: Called Strike 0-1: Ball 1-1: Ground out 5-3 (Groundball, 56, EV 103.8 MPH)
|
| Top of the 5th over - 0 runs, 1 hit, 0 errors, 0 left on base; Hamilton 0 - New Jersey 1 |
| BOTTOM OF THE 5TH |
|
New Jersey Devils batting - Pitching for Hamilton Cardinals : RHP Joaquin Gonzales
|
|
Batting: RHB Ted Hickey
|
0-0: Called Strike 0-1: Foul Ball, location: 2F 0-2: Strikes out swinging
|
|
Batting: LHB Jason Miller
|
0-0: Called Strike 0-1: Called Strike 0-2: Strikes out swinging
|
|
Batting: RHB Oscar Ramirez
|
0-0: Ball 1-0: Foul Ball, location: 2F 1-1: Called Strike 1-2: Ball 2-2: Strikes out swinging
|
| Bottom of the 5th over - 0 runs, 0 hits, 0 errors, 0 left on base; Hamilton 0 - New Jersey 1 |
| TOP OF THE 6TH |
|
Hamilton Cardinals batting - Pitching for New Jersey Devils : RHP Aaron Marcum
|
|
Batting: RHB Kevin McGaughey
|
0-0: Ball 1-0: Called Strike 1-1: Swinging Strike 1-2: Strikes out looking
|
|
Batting: LHB Jonathan Barker
|
0-0: Called Strike 0-1: Called Strike 0-2: Ball 1-2: Ball 2-2: Strikes out looking
|
|
Batting: RHB Jason Hunt
|
0-0: Ball 1-0: SINGLE (Groundball, P, EV 89.4 MPH) (infield hit)
|
|
Batting: LHB Josh Levin
|
0-0: Ball 1-0: Ball 2-0: Called Strike 2-1: Called Strike Jason Hunt steals 2nd base 2-2: Foul Ball, location: 2F 2-2: Ground out 4-3 (Groundball, 34, EV 78.8 MPH)
|
| Top of the 6th over - 0 runs, 1 hit, 0 errors, 1 left on base; Hamilton 0 - New Jersey 1 |
| BOTTOM OF THE 6TH |
|
New Jersey Devils batting - Pitching for Hamilton Cardinals : RHP Joaquin Gonzales
|
|
Batting: SHB Ernesto Mazas
|
0-0: Ball 1-0: Called Strike 1-1: Fly out, F9 (Flyball, 89M, EV 93.8 MPH)
|
|
Pitching: RHP Morgan Phang
|
|
|
Batting: SHB Danny Tapia Jr.
|
0-0: Swinging Strike 0-1: Called Strike 0-2: Foul Ball, location: 2F 0-2: Strikes out swinging
|
|
Batting: LHB Rodolfo Alvarez
|
0-0: Called Strike 0-1: Ball 1-1: Called Strike 1-2: Strikes out swinging
|
| Bottom of the 6th over - 0 runs, 0 hits, 0 errors, 0 left on base; Hamilton 0 - New Jersey 1 |
| TOP OF THE 7TH |
|
Hamilton Cardinals batting - Pitching for New Jersey Devils : RHP Aaron Marcum
|
|
Batting: RHB Matt Shaw
|
0-0: Called Strike 0-1: Ball 1-1: Fly out, F8 (Flyball, 8RD, EV 86.2 MPH)
|
|
Batting: SHB Jae-hong Kym
|
0-0: Foul Ball, location: 2F 0-1: Ball 1-1: Foul Ball, location: 2F 1-2: Ball 2-2: Strikes out looking
|
|
Batting: RHB Jeff Gale
|
0-0: Ball 1-0: Swinging Strike 1-1: Called Strike 1-2: Foul Ball, location: 2F 1-2: SINGLE (Groundball, 34D, EV 103.8 MPH)
|
|
Batting: LHB John Stewart
|
0-0: Called Strike Jeff Gale is caught stealing 2nd base 2-6
|
| Top of the 7th over - 0 runs, 1 hit, 0 errors, 0 left on base; Hamilton 0 - New Jersey 1 |
| BOTTOM OF THE 7TH |
|
New Jersey Devils batting - Pitching for Hamilton Cardinals : RHP Morgan Phang
|
|
Batting: RHB Sergio Andrada
|
0-0: Foul Ball, location: 2F 0-1: Foul Ball, location: 2F 0-2: Foul Ball, location: 2F 0-2: Foul Ball, location: 2F 0-2: Ball 1-2: Strikes out swinging
|
|
Batting: RHB Duk-yoon Park
|
0-0: Fly out, F8 (Flyball, 8RD, EV 85.0 MPH)
|
|
Batting: LHB Matt Reynolds
|
0-0: SINGLE (Groundball, 34S, EV 96.2 MPH)
|
|
Batting: RHB Ted Hickey
|
0-0: Called Strike 0-1: Ball 1-1: Swinging Strike 1-2: Strikes out looking
|
| Bottom of the 7th over - 0 runs, 1 hit, 0 errors, 1 left on base; Hamilton 0 - New Jersey 1 |
| TOP OF THE 8TH |
|
Hamilton Cardinals batting - Pitching for New Jersey Devils : RHP Aaron Marcum
|
|
Batting: LHB John Stewart
|
0-0: Foul Ball, location: 2F 0-1: Fly out, F7 (Flyball, 7, EV 76.9 MPH)
|
|
Batting: RHB Kevin Kelly
|
0-0: Ball 1-0: Ball 2-0: Foul Ball, location: 2F 2-1: Foul Ball, location: 2F 2-2: Foul Ball, location: 2F 2-2: Fly out, F7 (Flyball, 78S, EV 96.9 MPH)
|
|
Batting: RHB Kevin McGaughey
|
0-0: Ball 1-0: Swinging Strike 1-1: Ball 2-1: Foul Ball, location: 2F 2-2: Strikes out looking
|
| Top of the 8th over - 0 runs, 0 hits, 0 errors, 0 left on base; Hamilton 0 - New Jersey 1 |
| BOTTOM OF THE 8TH |
|
New Jersey Devils batting - Pitching for Hamilton Cardinals : RHP Morgan Phang
|
|
Batting: LHB Jason Miller
|
0-0: SOLO HOME RUN (Flyball, 7LD, EV 94.4 MPH), Distance : 351 ft
|
|
Batting: RHB Oscar Ramirez
|
0-0: Foul Ball, location: 2F 0-1: Ball 1-1: Ground out 4-3 (Groundball, 34, EV 103.1 MPH)
|
|
Batting: SHB Ernesto Mazas
|
0-0: Ball 1-0: Ball 2-0: Called Strike 2-1: Foul Ball, location: 2F 2-2: Ball 3-2: Strikes out swinging
|
|
Batting: SHB Danny Tapia Jr.
|
0-0: Ball 1-0: SINGLE (Line Drive, 6MD, EV 101.9 MPH)
|
|
Batting: LHB Rodolfo Alvarez
|
0-0: Called Strike 0-1: Foul Ball, location: 2F 0-2: Ball 1-2: Fly out, F8 (Flyball, 8LM, EV 96.9 MPH)
|
| Bottom of the 8th over - 1 run, 2 hits, 0 errors, 1 left on base; Hamilton 0 - New Jersey 2 |
| TOP OF THE 9TH |
|
Hamilton Cardinals batting - Pitching for New Jersey Devils : RHP Aaron Marcum
|
|
Pitching: RHP Andy Corcoran
|
|
|
Now at 1B: Carlos Saldivar
|
|
|
Batting: LHB Jonathan Barker
|
0-0: Called Strike 0-1: SINGLE (Groundball, 4M, EV 105.0 MPH) (infield hit)
|
|
Batting: RHB Jason Hunt
|
0-0: Called Strike 0-1: Grounds into double play, 6-4-3 (Groundball, 6S, EV 81.2 MPH)
|
|
Batting: LHB Josh Levin
|
0-0: Ball 1-0: Called Strike 1-1: Foul Ball, location: 2F 1-2: Strikes out looking
|
| Top of the 9th over - 0 runs, 1 hit, 0 errors, 0 left on base; Hamilton 0 - New Jersey 2 |
|